 Dungeon Crawl Stone Soup version 0.26-a0-808-g930a2b7adc (webtiles) character file.

Game seed: 14190115096922197471

1897 Riddle the Firebug (level 8, 0/57 HPs)
             Began as a Demigod Fire Elementalist on Nov 12, 2020.
             Slain by Pikel
             ... wielding a +2 whip of flaming
              (10 damage)
             ... on level 6 of the Dungeon.
             The game lasted 00:13:02 (8195 turns).

Riddle the Firebug (Demigod Fire Elementalist)      Turns: 8195, Time: 00:13:03

Health: 0/57       AC:  6    Str: 11    XL:     8   Next: 62%
Magic:  28/28      EV: 15    Int: 23    God:
Gold:   273        SH:  5    Dex: 22    Spells: 13/17 levels left

rFire    + + .     SeeInvis .   A - +0 long sword
rCold    . . .     Faith    .   z - +0 buckler (curse)
rNeg     . . .     Spirit   .   a - +0 robe
rPois    .         Reflect  .   D - +0 helmet of Cimoh {rF++} (curse)
rElec    .         Harm     .   B - +0 cloak
rCorr    .         Rampage  .   q - +1 pair of gloves
MR       .....                  (no boots)
Stlth    ++........             s - amulet of regeneration
HPRegen  0.59/turn              m - +6 ring of dexterity
MPRegen  0.21/turn              v - ring of magical power

@: no status effects
A: high mp 1
a: no special abilities


You were on level 6 of the Dungeon.
You visited 1 branch of the dungeon, and saw 7 of its levels.

You collected 372 gold pieces.
You spent 99 gold pieces at shops.

Inventory:

Hand Weapons
 A - a +0 long sword (weapon)
Armour
 a - a +0 robe (worn)
 q - a +1 pair of gloves (worn)
 z - a cursed +0 buckler (worn)
 B - a +0 cloak (worn)
 D - the cursed +0 helmet of Cimoh (worn) {rF++}
   (You found it on level 6 of the Dungeon)

   It greatly protects you from fire.
   It has a curse placed upon it.
Jewellery
 m - a +6 ring of dexterity (left hand)
 r - a +6 ring of strength
 s - an amulet of regeneration (around neck)
 v - a ring of magical power (right hand)
Wands
 w - a wand of random effects (16)
 y - a wand of enslavement (10)
Scrolls
 b - 11 scrolls of identify
 c - 3 scrolls of enchant weapon {unknown}
 d - 3 scrolls of fog
 f - 3 scrolls of remove curse
 h - a scroll of teleportation
 j - a scroll of magic mapping {unknown}
 k - a scroll of blinking {unknown}
 n - a scroll of amnesia {unknown}
 u - a scroll of enchant armour {unknown}
 E - a scroll of fear {unknown}
Potions
 e - 2 potions of cancellation {unknown}
 g - 4 potions of lignification {unknown}
 i - a potion of attraction {unknown}
 l - a potion of haste {unknown}
 o - a potion of flight {unknown}
 p - 3 potions of heal wounds
 t - 2 potions of berserk rage {unknown}
 x - 2 potions of curing
 C - 2 potions of degeneration {unknown}


   Skills:
 + Level 4.1 Dodging
 - Level 1.7 Stealth
 + Level 2.2 Shields
 * Level 5.3 Spellcasting
 * Level 5.5 Conjurations
 * Level 6.1 Fire Magic


You had 13 spell levels left.
You knew the following spells:

 Your Spells              Type           Power        Failure   Level
a - Foxfire               Conj/Fire      ####         1%          1
b - Conjure Flame         Conj/Fire      ####....     3%          3

Your spell library contained the following spells:

 Spells                   Type           Power        Failure   Level
 Inner Flame              Hex/Fire       ###.....     10%         3
 Sticky Flame             Conj/Fire      ####....     10%         4
 Fireball                 Conj/Fire      ####......   28%         5


Dungeon Overview and Level Annotations

Branches:
Dungeon (7/15)             Temple (0/1) D:5

Shops:
D:5 !*!=}

Annotations:
D:3 1 runed translucent door, Kinoniko's ghost, amateur GrFi
D:6 Maggie; Pikel


Innate Abilities, Weirdness & Mutations

You have an increased reservoir of magic. (+10% MP)


Message History

You closely miss the lemure.
The lemure is moderately wounded.
The lemure hits you but does no damage. You block Pikel's attack.
You hit the lemure.
The lemure is heavily wounded.
The lemure hits you but does no damage.
Pikel cracks his whip.
Pikel hits you with a +2 whip of flaming!
* * * LOW HITPOINT WARNING * * *
Pikel burns you.
* * * LOW HITPOINT WARNING * * *
The lemure completely misses you.
You riposte.
You hit the lemure.
The lemure is severely wounded.
You slash the lemure!
The lemure is almost dead.
Pikel hits you with a +2 whip of flaming.
* * * LOW HITPOINT WARNING * * *
You block the lemure's attack.
Pikel hits you with a +2 whip of flaming!
You die...

#####.# #.# .# #.###
..#...#
...####.###.###...#####
#.#.#.#
#.........#..........#
#...#.#
...####.###.#####<###.##
##.##.# #.# #.# #.# #.##
#.##.# #.# #.# #.# #.##
#.##.# #.# #.# #.# #.##
#.##.# #.###5# #.# #.#
#.## #.# .. #555K@# #.#
#.# #.## #.# #.##### #.#
#.# #.## ...
#.#####.###.##
#...........##
#######..#### #..# #..#
#..# #..#


You could see Pikel and 4 lemures.

Vanquished Creatures
  Grinder (D:4)
  Eustachio (D:6)
  A sky beast (D:5)
  2 ogres (D:5)
  2 centaurs
  5 bullfrogs
  2 scorpions (D:4)
  A hound (D:7)
  2 orc priests
  A bullfrog zombie (D:5)
  5 orc wizards
  Ijyb (D:4)
  A bullfrog skeleton (D:6)
  An iguana (D:4)
  5 worker ants
  3 gnolls (D:3)
  9 adders
  A white imp (D:6)
  3 oozes
  3 worms
  3 dart slugs
  4 leopard geckos
  17 orcs
  2 ball pythons (D:5)
  8 bats
  5 giant cockroaches
  9 hobgoblins
  5 jackals
  7 kobolds
  6 quokkas
  3 frilled lizards
  12 goblins
  A jackal skeleton (D:4)
  9 rats
141 creatures vanquished.

Vanquished Creatures (collateral kills)
  3 foxfires
3 creatures vanquished.

Vanquished Creatures (others)
  759 foxfires
  3 plants (D:5)
762 creatures vanquished.

Grand Total: 906 creatures vanquished

Notes
Turn   | Place    | Note
-------+----------+-------------------------------------------
     0 | D:1      | Riddle the Demigod Fire Elementalist began the quest for
                  | the Orb.
     0 | D:1      | Reached XP level 1. HP: 14/14 MP: 5/5
   175 | D:1      | Reached skill level 1 in Conjurations
   703 | D:1      | Reached XP level 2. HP: 20/20 MP: 4/7
  1099 | D:2      | Reached skill level 3 in Fire Magic
  1314 | D:2      | Found an ornate altar of the Wu Jian Council.
  1376 | D:2      | Reached XP level 3. HP: 22/26 MP: 3/9
  2283 | D:2      | Reached XP level 4. HP: 33/33 MP: 7/10
  3590 | D:3      | Learned a level 3 spell: Conjure Flame
  4131 | D:3      | Reached XP level 5. HP: 38/38 MP: 10/12
  4512 | D:3      | Found a runed translucent door.
  4865 | D:3      | Noticed Kinoniko's ghost (amateur GrFi)
  4922 | D:4      | Noticed Grinder
  4937 | D:4      | Paralysed by Grinder for 7 turns
  4954 | D:4      | Killed Grinder
  4954 | D:4      | Reached skill level 4 in Fire Magic
  4954 | D:4      | Reached XP level 6. HP: 40/45 MP: 2/14
  5168 | D:4      | Reached XP level 7. HP: 50/50 MP: 11/16
  5201 | D:4      | Noticed Ijyb
  5215 | D:4      | Killed Ijyb
  5960 | D:5      | Entered Level 5 of the Dungeon
  5960 | D:5      | Found Irghoj's Gadget Shoppe.
  6018 | D:5      | Reached skill level 5 in Fire Magic
  6238 | D:5      | Found Buriude's Distillery.
  6240 | D:5      | Found Beant's Assorted Antiques.
  6258 | D:5      | Bought a potion of curing for 39 gold pieces
  6267 | D:5      | Found Vemp's Jewellery Emporium.
  6352 | D:5      | Reached skill level 1 in Shields
  6405 | D:5      | Found a white marble altar of Elyvilon.
  6421 | D:5      | Found a shimmering altar of Xom.
  6421 | D:5      | Found a shimmering altar of Xom.
  6476 | D:5      | Reached XP level 8. HP: 42/57 MP: 13/18
  6511 | D:5      | Found a shimmering altar of Xom.
  6512 | D:5      | Found a shimmering altar of Xom.
  6512 | D:5      | Found a shimmering altar of Xom.
  6657 | D:5      | Found Oreax's Distillery.
  6660 | D:5      | Bought a potion of heal wounds for 60 gold pieces
  6677 | D:5      | Found a staircase to the Ecumenical Temple.
  6695 | D:5      | Found a shimmering altar of Xom.
  6696 | D:5      | Found a shimmering altar of Xom.
  7046 | D:6      | Noticed Maggie
  7128 | D:7      | Reached skill level 5 in Conjurations
  7147 | D:7      | Reached skill level 5 in Spellcasting
  7163 | D:7      | Noticed a two-headed ogre
  7649 | D:6      | HP: 2/57 [two-headed ogre/+0 giant club (19)]
  7744 | D:6      | Noticed Eustachio
  7921 | D:6      | Killed Eustachio
  7921 | D:6      | Reached skill level 6 in Fire Magic
  8102 | D:6      | Got a shimmering helmet
  8108 | D:6      | Identified the cursed +0 helmet of Cimoh {rF++} (You found
                  | it on level 6 of the Dungeon)
  8171 | D:6      | Noticed Pikel
  8195 | D:6      | Slain by Pikel

Illustrated notes

Levels and vault maps discovered:
D:1:      dpeg_arrival_boxorama, layout_rooms, kennysheep_doodads, minivault_24
D:2:      layout_loops_corners, lemuel_doored_altar,
          chequers_serial_rivers_small_a, minmay_joined_circles
D:3:      layout_basic, ebering_ghost_inner_flame, corner_web_ring,
          minmay_misc_feat_enclosed
D:4:      minmay_chambers_of_fours, layout_cave_pools, uniq_ijyb, uniq_grinder
D:5:      layout_rooms, elyvilon_altar_1, minmay_temple_entry_overgrown,
          serial_shops, kennysheep_mini, shop, shop, nicolae_shop_crystal, shop,
          xom_redecorated
D:6:      layout_loops_ring, makhleb_grotto_becter, uniq_pikel, uniq_maggie,
          uniq_edmund, uniq_eustachio
D:7:      layout_loops_ring, gammafunk_ghost_abyssal_escape, minmay_circle_x

Skill      XL: |  1  2  3  4  5  6  7  8 |
---------------+-------------------------+-----
Conjurations   | 1 2 3 4 5 |  5.5
Spellcasting   | 2 3 4 5 |  5.3
Fire Magic     | 3 4 5 6 |  6.1
Dodging        | 2 3 4 |  4.1
Shields        | 1 2 |  2.2
Stealth        | |  1.7

Action                   |  1- 3 |  4- 6 |  7- 9 || total
-------------------------+-------+-------+-------++-------
Melee: Short sword       |     2 |       |     3 ||     5
       Long sword        |       |       |    32 ||    32
 Cast: Foxfire           |   101 |   161 |   213 ||   475
       Conjure Flame     |       |       |    17 ||    17
  Use: Scroll            |     3 |       |     3 ||     6
Armor: Robe              |    13 |    22 |    49 ||    84
Dodge: Dodged            |    39 |    40 |   183 ||   262
Block: Buckler           |       |       |    63 ||    63
       Rpst.: Long sword |       |       |    45 ||    45

Table legend: (Time is in decaauts)
 A = Elapsed time spent in this place.
 B = Non-inter-level travel time spent in this place.
 C = Inter-level travel time spent in this place.
 D = Time resting spent in this place.
 E = Time spent auto-exploring this place.
 F = Levels seen in this place.
 G = Mean time per level.
                   A        B        C        D        E       F      G
               +--------+--------+--------+--------+--------+-----+--------+
         Total |   8211 |   7964 |    247 |   1514 |   4829 |   7 | 1173.0 |
       Dungeon |   8211 |   7964 |    247 |   1514 |   4829 |   7 | 1173.0 |
               +--------+--------+--------+--------+--------+-----+--------+

Top non-repeatable levels by time:
     D:2: 2640 daAuts
     D:3: 1464 daAuts
     D:5: 1169 daAuts
     D:4: 1064 daAuts
     D:6: 948 daAuts
     D:1: 793 daAuts
     D:7: 131 daAuts
